 Dungeon Crawl Stone Soup version 0.26-a0-652-gafc20e3620 (webtiles) character file.

Game seed: 18364002277733929683

8796 smeego the Sneak (level 11, -3/73 HPs)
             Began as an Octopode Fighter on Oct 3, 2020.
             Was an Initiate of Gozag.
             Slain by a three-headed hydra (7 damage)
             ... on level 11 of the Dungeon.
             The game lasted 00:14:04 (13689 turns).

smeego the Sneak (Octopode Fighter)                Turns: 13689, Time: 00:14:04

Health: -3/73      AC:  5    Str: 16    XL:     11   Next: 36%
Magic:  27/27      EV: 14    Int: 14    God:    Gozag
Gold:   2771       SH: 11    Dex: 11    Spells: 12/18 levels left

rFire    . . .     SeeInvis .   I - +4 scimitar (flame)
rCold    . . .     Faith    .   b - +1 kite shield
rNeg     . . .     Spirit   .   (helmet restricted)
rPois    .         Reflect  .   (no amulet)
rElec    .         Harm     .   q - ring of flight
rCorr    .         Rampage  .   g - ring of stealth
MR       .....     Rnd*Rage +   w - ring of magical power
Stlth    +++++.....             E - +4 ring of protection
HPRegen  0.22/turn              (no ring)
MPRegen  0.20/turn              (no ring)
                                (no ring)
                                (no ring)

@: no status effects
A: almost no armour, stealthy swim, amphibious, 8 rings, constrict 8, antennae
1, camouflage 1, berserk 1, blurry vision 1, high mp 1, gelatinous body 1
a: Potion Petition, Call Merchant, Bribe Branch, Renounce Religion, Evoke Flight


You were on level 11 of the Dungeon.
You worshipped Gozag.
Gozag was most pleased with you.
You visited 2 branches of the dungeon, and saw 12 of its levels.
You also visited: Sewer.

You collected 2924 gold pieces.
You paid 153 gold pieces to Gozag.

Inventory:

Hand Weapons
 a - a +1 long sword
 i - a +0 hunting sling
 I - a +4 scimitar of flaming (weapon)
Missiles
 h - 73 poisoned darts (quivered)
 j - 320 stones
 s - 75 sling bullets
 y - 4 throwing nets
 D - 5 boomerangs
 F - 3 boomerangs of dispersal
Armour
 b - a +1 kite shield (worn)
Magical Staves
 M - an uncursed staff of cold {unknown}
Jewellery
 f - an uncursed ring of fire
 g - a ring of stealth (right tentacle)
 q - a ring of flight (left tentacle)
 w - a ring of magical power (on tentacle)
 A - an uncursed ring of fire
 E - a +4 ring of protection (on tentacle)
 L - an uncursed amulet of magic regeneration
 O - a +6 ring of intelligence {unknown}
Wands
 u - a wand of iceblast (8)
 x - a wand of acid (17)
 z - a wand of digging (4)
 B - a wand of paralysis (6)
 G - a wand of polymorph (23)
 P - a wand of random effects (24)
Scrolls
 d - 4 scrolls of amnesia
 n - 3 scrolls of enchant armour
 o - 3 scrolls of identify
 p - 4 scrolls of teleportation
 v - 11 scrolls of remove curse
 H - 3 scrolls of magic mapping
 N - a scroll of blinking
 Q - a scroll of vulnerability {unknown}
Potions
 c - 4 potions of might
 e - 3 potions of curing
 k - a potion of cancellation
 l - 8 potions of flight
 m - 4 potions of degeneration
 r - 6 potions of heal wounds
 t - 2 potions of stabbing
 C - 2 potions of ambrosia
 J - 3 potions of resistance
 K - a potion of brilliance
 R - a potion of berserk rage


   Skills:
 + Level 6.3 Fighting
 + Level 6.4 Long Blades
 - Level 2.2 Throwing
 + Level 6.2 Dodging
 + Level 7.6 Stealth
 + Level 6.3 Shields
 + Level 5.3 Unarmed Combat
 + Level 4.1 Spellcasting
 - Level 6.0 Summonings
 - Level 6.0 Translocations
 * Level 2.4 Transmutations


You had 12 spell levels left.
You knew the following spells:

 Your Spells              Type           Power        Failure   Level
a - Call Imp              Summ           ###.....     8%          2
b - Blink                 Tloc           N/A          8%          2
c - Wereblood             Tmut           #.......     32%         2

Your spell library contained the following spells:

 Spells                   Type           Power        Failure   Level
 Beastly Appendage        Tmut           #.....       22%         1
 Magic Dart               Conj           #...         52%         1
 Slow                     Hex            #.......     65%         2
 Spider Form              Tmut/Pois      #.........   71%         3
 Conjure Flame            Conj/Fire      #.......     87%         3
 Mephitic Cloud           Conj/Pois/Air  #.......     87%         3
 Ice Form                 Ice/Tmut       #.......     98%         4
 Blade Hands              Tmut           #.........   99%         5


Dungeon Overview and Level Annotations

Branches:
Dungeon (11/15)            Temple (1/1) D:6            Lair (0/6) D:10
  Sewer (visited)
    Orc: D:9-12

Altars:
Ashenzari
Cheibriados
Dithmenos
Elyvilon
Fedhas
Gozag
Hepliaklqana
Kikubaaqudgha
Makhleb
Nemelex Xobeh
Okawaru
Qazlal
Ru
Trog
Uskayaw
Vehumet
Wu Jian
Xom
The Shining One

Shops:
D:11 }

Annotations:
D:9 2 runed translucent doors, exclusion: orange crystal statue


Innate Abilities, Weirdness & Mutations

You cannot wear most types of armour.
You are very stealthy in the water. (Stealth+)
You are amphibious.
You can wear up to eight rings at the same time.
You can use your tentacles to constrict eight enemies at once.
Your skin changes colour to match your surroundings (Stealth+).
Your rubbery body absorbs attacks. (AC +1, EV +1)
You have a pair of small antennae on your head.
You tend to lose your temper in combat.
Scrolls take you a little longer to read.
You have an increased reservoir of magic. (+10% MP)


Message History

You block the four-headed hydra's attack. x2
The four-headed hydra bites you!
* * * LOW HITPOINT WARNING * * *
The four-headed hydra barely misses you.
Unknown command.
You lop one of the four-headed hydra's heads off!
The flame cauterises the wound!
You hit the three-headed hydra. You burn the three-headed hydra.
The three-headed hydra is almost dead.
You block the three-headed hydra's attack.
The three-headed hydra bites you!
* * * LOW HITPOINT WARNING * * *
You block the three-headed hydra's attack.
The three-headed hydra completely misses you.
You riposte.
You hit the three-headed hydra. You burn the three-headed hydra.
The three-headed hydra is almost dead.
You block the three-headed hydra's attack.
The three-headed hydra bites you!
You die...
Your body crumbles into a pile of gold.

#.......######..#
#.......# #...#
#.......# #...#
###.......# #...#
.#........# ##..#
.)........##.
##..#
.#...........
#.?.#
.#...........
#...#
.#...........
#.@.#
###.......##.
##.D# .##..##...#
#..# .##..##....#
...# ...........#
...# ..........##
##..# ..........#
+##..#
...........
..#...#
..............+
..#


You could see a three-headed hydra.

Vanquished Creatures
  A hydra (D:11)
  Harold (D:7)
  A gargoyle (D:10)
  A troll (D:9)
  2 hornets
  2 hippogriffs
  A wyvern (D:10)
  Sigmund (D:2)
  A shadow (D:11)
  3 yaks (D:11)
  A steam dragon (D:10)
  Edmund (D:6)
  4 porcupines (D:10)
  3 ice beasts
  3 black bears (D:10)
  A necrophage (D:10)
  2 sky beasts
  2 ogres
  2 centaurs (D:6)
  3 crocodiles
  3 big kobolds
  7 bullfrogs
  2 scorpions (D:8)
  15 killer bees
  5 wights (D:8)
  2 electric eels (D:9)
  5 howler monkeys
  2 quasits
  2 bullfrog zombies
  3 hounds
  4 orc wizards
  3 orc priests
  A centaur skeleton (D:5)
  3 jellies
  Jessica (D:2)
  8 iguanas
  Terence (D:3)
  7 worker ants
  A hound skeleton (D:9)
  A howler monkey zombie (D:5)
  2 worker ant zombies
  A howler monkey skeleton (D:6)
  4 adders
  4 gnolls
  2 shadow imps
  2 white imps
  5 ufetubi
  An ooze (D:2)
  3 adder skeletons
  2 worms
  3 dart slugs
  8 leopard geckos
  28 orcs
  5 ball pythons
  10 giant cockroaches
  8 goblins
  11 hobgoblins
  12 jackals
  3 quokkas
  13 bats
  3 frilled lizards
  A jackal skeleton (D:4)
  29 kobolds
  3 quokka skeletons
  7 rats
282 creatures vanquished.

Vanquished Creatures (others)
  41 fungi (D:10)
  42 plants (D:10)
83 creatures vanquished.

Grand Total: 365 creatures vanquished

Notes
Turn   | Place    | Note
-------+----------+-------------------------------------------
     0 | D:1      | smeego the Octopode Fighter began the quest for the Orb.
     0 | D:1      | Reached XP level 1. HP: 16/16 MP: 1/1
   229 | D:1      | Reached XP level 2. HP: 20/21 MP: 2/2
   503 | D:1      | Reached XP level 3. HP: 22/26 MP: 3/3
   615 | D:1      | Reached skill level 1 in Stealth
  1182 | D:2      | Reached XP level 4. HP: 16/31 MP: 4/4
  1201 | D:2      | Reached skill level 1 in Unarmed Combat
  1498 | D:2      | Noticed Sigmund
  1511 | D:2      | Killed Sigmund
  1511 | D:2      | Reached skill level 1 in Throwing
  1511 | D:2      | Reached skill level 2 in Stealth
  1511 | D:2      | Reached XP level 5. HP: 37/37 MP: 5/5
  1511 | D:2      | Reached XP level 6. HP: 43/43 MP: 6/6
  1528 | D:2      | Noticed Jessica
  1537 | D:2      | Killed Jessica
  1796 | D:3      | Found a blossoming altar of Fedhas.
  1799 | D:3      | Found a white marble altar of Elyvilon.
  1802 | D:3      | Found a bloodstained altar of Trog.
  1805 | D:3      | Found a broken altar of Ashenzari.
  1971 | D:3      | Noticed Terence
  1981 | D:3      | Killed Terence
  2430 | D:3      | Reached skill level 3 in Stealth
  2761 | D:3      | HP: 1/43 [gnoll/+0 whip (3)]
  3172 | D:4      | Reached XP level 7. HP: 39/48 MP: 7/7
  3662 | D:4      | Learned a level 2 spell: Call Imp
  3665 | D:4      | Learned a level 2 spell: Blink
  3893 | D:5      | Entered Level 5 of the Dungeon
  4407 | D:5      | You fall into a shaft and drop 3 floors!
  4450 | D:7      | Noticed Harold
  4465 | D:7      | Killed Harold
  4465 | D:7      | Reached skill level 4 in Stealth
  4465 | D:7      | Reached skill level 1 in Spellcasting
  4465 | D:7      | Reached XP level 8. HP: 26/54 MP: 10/10
  4651 | D:6      | Found a staircase to the Ecumenical Temple.
  4664 | Temple   | Entered the Ecumenical Temple
  4668 | Temple   | Became a worshipper of Gozag Ym Sagoz the Greedy
  4746 | D:6      | Found a glowing drain.
  4776 | D:6      | Noticed Edmund
  4779 | Sewer    | Entered a sewer
  5160 | D:6      | Killed Edmund
  5160 | D:6      | Reached XP level 9. HP: 45/59 MP: 11/11
  5539 | D:6      | Reached skill level 5 in Stealth
  5789 | D:5      | Found a shadowy altar of Dithmenos.
  6981 | D:7      | Reached skill level 5 in Long Blades
  7286 | D:7      | Identified a scroll of acquirement
  7289 | D:7      | Acquired 913 gold pieces
  7291 | D:7      | Gained mutation: You tend to lose your temper in combat.
                  | [potion of mutation]
  7291 | D:7      | Gained mutation: You have a pair of small antennae on your
                  | head. [potion of mutation]
  7291 | D:7      | Gained mutation: Scrolls take you a little longer to read.
                  | [potion of mutation]
  7291 | D:7      | Gained mutation: You have an increased reservoir of magic.
                  | (+10% MP) [potion of mutation]
  7359 | D:8      | Reached skill level 5 in Fighting
  7362 | D:8      | Reached skill level 5 in Dodging
  7401 | D:8      | Reached skill level 5 in Shields
  7469 | D:8      | Found a shimmering altar of Xom.
  8852 | D:8      | Noticed a hornet
  8862 | D:8      | Killed a hornet
  9026 | D:8      | Reached XP level 10. HP: 61/66 MP: 15/15
  9122 | D:8      | You fall into a shaft and drop 3 floors!
  9137 | D:10     | Entered Level 10 of the Dungeon
  9144 | D:10     | Reached skill level 6 in Stealth
  9147 | D:10     | Reached skill level 5 in Translocations
  9148 | D:10     | Reached skill level 5 in Summonings
  9497 | D:10     | Noticed a gargoyle
  9505 | D:10     | Killed a gargoyle
  9968 | D:9      | Learned a level 2 spell: Wereblood
 10999 | D:9      | Found a hazy altar of Hepliaklqana.
 11194 | D:9      | Found the +10 tower shield of Ignorance {rN+ Int-4}
 11198 | D:9      | Found a runed translucent door.
 11198 | D:9      | Noticed an orange crystal statue
 11218 | D:9      | Found a runed translucent door.
 11832 | D:10     | Reached skill level 7 in Stealth
 11863 | D:10     | Found a staircase to the Lair.
 12029 | D:10     | Reached XP level 11. HP: 67/72 MP: 18/18
 12367 | D:10     | Reached skill level 5 in Unarmed Combat
 12367 | D:10     | Reached skill level 1 in Transmutations
 13025 | D:11     | Found Ethru's Gadget Shoppe.
 13067 | D:11     | HP: 1/72 [yak (7)]
 13557 | D:11     | Noticed a four-headed hydra
 13574 | D:11     | Killed a one-headed hydra
 13679 | D:11     | Noticed a seven-headed hydra
 13689 | D:11     | Slain by a three-headed hydra

Illustrated notes

Levels and vault maps discovered:
D:1:      dpeg_arrival_connections, layout_loops_corners, serial_glass,
          glass_columns_b, glass_columns_a, glass_columns_a, glass_columns_a
D:2:      layout_rooms, uniq_jessica, uniq_sigmund
D:3:      layout_basic, grunt_temple_overflow_cloverleaf, uniq_terence
D:4:      layout_loops_ring
D:5:      layout_loops_ring, kennysheep_mini, corner_web_ring,
          grunt_ministairs_3
D:6:      layout_cave_pools, temple_pool_b, gup_sewer_entry_glass, uniq_edmund
D:7:      layout_loops_ring, uniq_harold
D:8:      layout_basic, basic_altar
D:9:      layout_basic, lemuel_crystal_altar, grunt_ministairs_9,
          chequers_guarded_unrand_ignorance
D:10:     layout_long_grid, due_lair_maze_entry_diamond
D:11:     layout_gridville, serial_shops, shop
Temple:   nicolae_temple_x_marks_the_god

Skill      XL: |  1  2  3  4  5  6  7  8  9 10 11 |
---------------+----------------------------------+-----
Stealth        | 1 2 3 4 5 7 |  7.6
Unarmed Combat | 1 2 3 4 5 |  5.3
Long Blades    | 3 4 5 6 |  6.4
Throwing       | 1 2 |  2.2
Fighting       | 4 5 6 |  6.3
Dodging        | 4 5 6 |  6.2
Shields        | 4 5 6 |  6.3
Spellcasting   | 1 2 3 4 |  4.1
Summonings     | 2 3 4 6 |  6.0
Translocations | 2 3 4 6 |  6.0
Transmutations | 2 |  2.4

Action                   |  1- 3 |  4- 6 |  7- 9 | 10-12 || total
-------------------------+-------+-------+-------+-------++-------
Melee: Long sword        |    68 |    84 |   178 |       ||   330
       Constrict         |    23 |    33 |    67 |    24 ||   147
       Tentacles         |    13 |    15 |    65 |    45 ||   138
       Punch             |     1 |     3 |     9 |    14 ||    27
       Scimitar          |       |       |    76 |   220 ||   296
Throw: Dart              |       |       |       |     9 ||     9
       Boomerang         |       |       |       |     3 ||     3
Evoke: Wand              |       |       |     1 |     7 ||     8
  Use: Scroll            |       |     3 |    18 |     5 ||    26
       Potion            |       |       |     3 |     3 ||     6
 Stab: Sleeping          |    12 |     9 |    29 |    12 ||    62
       Distracted        |     1 |     1 |     1 |     2 ||     5
       Paralysed         |       |       |       |     3 ||     3
Armor: Skin              |     6 |     5 |    45 |    36 ||    92
Dodge: Dodged            |    32 |    54 |   148 |   105 ||   339
Block: Kite shield       |    19 |    38 |   148 |   132 ||   337
       Rpst.: Long sword |     7 |    18 |    29 |       ||    54
       Scimitar          |       |       |    11 |    29 ||    40

Table legend: (Time is in decaauts)
 A = Elapsed time spent in this place.
 B = Non-inter-level travel time spent in this place.
 C = Inter-level travel time spent in this place.
 D = Time resting spent in this place.
 E = Time spent auto-exploring this place.
 F = Levels seen in this place.
 G = Mean time per level.
                   A        B        C        D        E       F      G
               +--------+--------+--------+--------+--------+-----+--------+
         Total |  13882 |  13555 |    327 |   2525 |   8621 |  13 | 1067.8 |
       Dungeon |  13514 |  13193 |    321 |   2525 |   8375 |  11 | 1228.5 |
        Temple |      8 |      2 |      6 |      0 |      0 |   1 |    8.0 |
         Sewer |    360 |    360 |      0 |      0 |    246 |   1 |  360.0 |
               +--------+--------+--------+--------+--------+-----+--------+

Top non-repeatable levels by time:
     D:9: 1654 daAuts
     D:7: 1584 daAuts
     D:8: 1536 daAuts
    D:10: 1445 daAuts
     D:3: 1367 daAuts
    D:11: 1139 daAuts
     D:6: 1121 daAuts
     D:5: 1079 daAuts
     D:1: 987 daAuts
     D:2: 812 daAuts
     D:4: 784 daAuts
   Sewer: 360 daAuts
  Temple: 8 daAuts
